 Dungeon Crawl Stone Soup version 0.29.1-13-g9f3cf754e1 (webtiles) character file.

Game seed: 6802839886511779721

40 Katie the Sneak (level 3, 0/18 HPs)
             Began as a Spriggan Brigand on Feb 2, 2023.
             Killed by nerve-wracking pain
             ... invoked by Grinder
              (3 damage)
             ... on level 3 of the Dungeon.
             The game lasted 00:06:52 (1528 turns).

Katie the Sneak (Spriggan Brigand)                  Turns: 1528, Time: 00:06:53

Health: 0/18       AC:  3    Str:  9    XL:     3   Next: 30%
Magic:  4/4        EV: 17    Int: 12    God:
Gold:   92         SH:  0    Dex: 16    Spells: 2/2 levels left

rFire   + . .      SeeInvis +   a - +2 dagger
rCold   . . .      Faith    .   (no shield)
rNeg    . . .      Spirit   .   b - +0 robe
rPois   .          Reflect  .   (helmet restricted)
rElec   .          Harm     .   c - +0 cloak
rCorr   .          Rampage  .   (gloves unavailable)
Will    .....                   (boots unavailable)
Stlth   ++++......              (no amulet)
HPRegen 0.06/turn               f - ring of protection from fire
MPRegen 0.09/turn               (no ring)

@: about to teleport, very quick
A: very small, no large weapons, unfitting armour, see invisible, speed 3
a: no special abilities


You were on level 3 of the Dungeon.
You visited 1 branch of the dungeon, and saw 3 of its levels.

You collected 136 gold pieces.
You spent 44 gold pieces at shops.

Inventory:

Hand Weapons
 a - a +2 dagger (weapon)
 k - a +0 rapier
Missiles
 d - 7 poisoned darts
 e - 2 curare-tipped darts (quivered)
Armour
 b - a +0 robe (worn)
 c - a +0 cloak (worn)
Jewellery
 f - a ring of protection from fire (left hand)
Scrolls
 h - a scroll of amnesia
 i - a scroll of torment
 j - a scroll of magic mapping
 n - a scroll of enchant armour {unknown}


   Skills:
 * Level 1.6 Fighting
 * Level 2.5 Short Blades
 * Level 2.1 Throwing
 * Level 0.2 Armour
 * Level 1.9 Dodging
 * Level 6.9 Stealth
 * Level 0.3 Spellcasting


You had 2 spell levels left.
You didn't know any spells.
Your spell library contained the following spells:

 Spells                   Type           Power      Damage    Failure   Level
 Confusing Touch          Hex            0%         N/A       67%         3
 Yara's Violent Unravell  Hex/Tmut       0%         3d3       100%        5
 Enfeeble                 Hex            0%         N/A       100%        7
 Borgnjor's Revivificati  Necr           0%         N/A       100%        8
 Necromutation            Tmut/Necr      0%         N/A       100%        8
 Death's Door             Necr           0%         N/A       100%        9


Dungeon Overview and Level Annotations

Branches:
Dungeon (3/15)

Altars:

Shops:
D:2 ?

Annotations:
D:3 Grinder


Innate Abilities, Weirdness & Mutations

You are very small and have problems with some larger weapons.
You are too small for most types of armour.
You have supernaturally acute eyesight. (SInv)
You cover ground extremely quickly. (Speed+++)


Message History

Grinder hits you but does no damage.
You aren't carrying any potions.
You closely miss Grinder.
Grinder is lightly wounded.
Grinder hits you but does no damage.
You barely miss Grinder.
Grinder is lightly wounded.
Grinder hits you but does no damage.
You hit Grinder.
Grinder is lightly wounded.
Grinder hits you but does no damage.
You hit Grinder but do no damage.
Grinder is lightly wounded.
You hit Grinder.
Grinder is lightly wounded.
Grinder blinks!
Throw: 3 darts (curare)
Press: ? - help, Q - select action, (/) - cycle Shift-Dir - straight line, f - Grinder
Aim: Grinder (lightly wounded, 57% to hit)
You throw a curare-tipped dart. The curare-tipped dart hits Grinder.
Grinder is lightly wounded.
Unknown command.
You hit Grinder.
Grinder is lightly wounded.
Grinder hits you but does no damage.
You closely miss Grinder.
Grinder is lightly wounded.
You feel less wooden.
Your +0 cloak unmelds from your body.
Your +0 robe unmelds from your body.
Grinder misses you.
You hit Grinder but do no damage.
Grinder is lightly wounded.
Grinder hits you.
* * * LOW HITPOINT WARNING * * *
Unknown command.
As you read the scroll of teleportation, it crumbles to dust.
You feel strangely unstable. Grinder gestures at you.
Pain shoots through your body!
You die...

#.##...## ###
#.####..# ## #.#
##.# ##. #.#
#.######.. #.#
#......... #.#
##........ ###.#
#......[. #...#
##.#...... #@#.#
#..#...... #5###
##.#....... .(.
#..........
#####
###........
#..<.....
###.......#
#.........#
####..........
###.........###.


You could see Grinder.

Vanquished Creatures
  An adder (D:2)
  4 bats (D:2)
  An endoplasm (D:2)
  3 giant cockroaches
  4 goblins
  7 hobgoblins
  A quokka (D:3)
  A ball python (D:3)
  A frilled lizard (D:3)
  3 kobolds
  2 rats (D:2)
28 creatures vanquished.

Notes
Turn   | Place    | Note
-------+----------+-------------------------------------------
     0 | D:1      | Katie the Spriggan Brigand began the quest for the Orb.
     0 | D:1      | Reached XP level 1. HP: 10/10 MP: 2/2
   510 | D:1      | Reached skill level 6 in Stealth
   794 | D:1      | Reached XP level 2. HP: 14/14 MP: 3/3
   835 | D:2      | Found a faded altar of an unknown god.
   984 | D:2      | Found Qafaj's Magic Scroll Shop.
   992 | D:2      | Reached XP level 3. HP: 13/18 MP: 4/4
  1021 | D:2      | Bought a scroll of identify for 22 gold pieces
  1021 | D:2      | Bought a scroll of identify for 22 gold pieces
  1498 | D:3      | Noticed Grinder
  1499 | D:3      | Paralysed by Grinder for 3 turns
  1528 | D:3      | Killed from afar by Grinder

Illustrated notes

Levels and vault maps discovered:
D:1:      psy_arrival_basics, layout_basic, chequers_mini_garden
D:2:      layout_rooms, serial_shops, nicolae_shop_waterfront,
          nicolae_ecumenical_lake_church
D:3:      layout_rooms, chequers_temple_overflow_minitemple, uniq_grinder

Skill      XL: |  1 |
---------------+----+-----
Stealth        | 6 |  6.9
Fighting       | |  1.6
Short Blades   | |  2.5
Throwing       | |  2.1
Armour         | |  0.2
Dodging        | |  1.9
Spellcasting   | |  0.3

Action                   || total
-------------------------++-------
Melee: Dagger            ||    69
Throw: Dart              ||    30
  Use: Scroll            ||     7
       Potion            ||     1
 Stab: Sleeping          ||    10
Armor: Robe              ||     9
       Skin              ||     8
Dodge: Dodged            ||    39
